WCHLSIM.com - West Coast Hockey League
html PUBLIC "-//W3C//DTD XHTML 1.0 Transitional//EN" "http://www.w3.org/TR/xhtml1/DTD/xhtml1-transitional.dtd"> WCHL - Game 372 - ANAHEIM OUTLAWS vs REGINA FALCONS

ANAHEIM OUTLAWS vs REGINA FALCONS

Created - 4 décembre 2023 at 22:39

Goals
1 2 3 T
ANAHEIM OUTLAWS 3 2 0 5
REGINA FALCONS 0 1 0 1
Shots
1 2 3 T
ANAHEIM OUTLAWS 19 10 12 41
REGINA FALCONS 5 4 4 13

1st period

1. ANAHEIM OUTLAWS , Kevin Fiala 11 (Jeff Skinner 12, Morgan Rielly 10) at 0:22
2. ANAHEIM OUTLAWS , Morgan Rielly 4 (Pierre Engvall 1, Kevin Fiala 18) at 2:08
3. ANAHEIM OUTLAWS , Kevin Fiala 12 (Morgan Rielly 11) at 13:59

Penalties :
Jack Quinn (ANA) for Holding Stick (Minor) at 7:16

2nd period

4. REGINA FALCONS , Andrei Kuzmenko 6 (Ivan Provorov 8, Eric Robinson 8) at 2:21
5. ANAHEIM OUTLAWS , Kevin Fiala 13 (Rasmus Ristolainen 5) at 12:31
6. ANAHEIM OUTLAWS , Carter Verhaeghe 10 (Michael Bunting 4, Adrian Kempe 10) at 19:38

Penalties :
Erik Gustafsson (REG) for Holding (Minor) at 0:57, Michael Bunting (ANA) for Roughing (Minor) at 0:57, Adrian Kempe (ANA) for Roughing (Minor) at 10:10

3rd period

No Goal

Penalties :
Aaron Ekblad (REG) for High sticking (Minor) at 0:11, Henri Jokiharju (ANA) for Diving (Minor) at 19:31

Goalie Stats

Jacob Markstrom (ANA), 12 saves from 13 shots - (0,923), W, 15-8-1, 60:00 minutes
Cale Morris (REG), 22 saves from 26 shots - (0,846), L, 0-7-1, 32:31 minutes
Chris Driedger (REG), 14 saves from 15 shots - (0,933), 27:29 minutes

Players Stats for ANAHEIM OUTLAWS

Player Name              G  A  P  +/- PIM S  H  SB GA TA FO     MP     PP MP  PK MP  
------------------------------------------------------------------------------------
Adrian Kempe             0  1  1   0  2   6  0  2  0  0  8/20   18:03   0:00   0:02 
Carter Verhaeghe         1  0  1   1  0   3  1  0  0  0  0/0    17:13   0:00   0:02 
David Gustafsson         0  0  0   2  0   0  0  0  0  0  0/0     4:59   0:00   0:00 
Henri Jokiharju          0  0  0   0  2   1  1  0  0  0  0/0    21:10   0:27   2:10 
Ian Mitchell             0  0  0   1  0   1  0  0  0  0  0/0    15:19   0:00   0:00 
Jack Quinn               0  0  0   0  2   0  1  0  0  0  0/0    14:01   0:00   0:00 
Jacob Trouba             0  0  0   3  0   1  1  2  0  0  0/0    21:13   1:32   2:04 
Jeff Skinner             0  1  1   2  0   6  2  0  0  0  2/2    18:44   1:30   1:50 
Joey Anderson            0  0  0   2  0   1  1  0  0  0  11/27  15:53   0:29   0:00 
Kent Johnson             0  0  0  -1  0   1  0  0  0  0  2/5    18:57   1:30   2:34 
Kevin Fiala              3  1  4   4  0   13 1  0  0  0  6/9    22:00   0:29   0:00 
Michael Bunting          0  1  1   1  2   2  1  0  0  0  1/2    19:29   0:29   1:50 
Morgan Rielly            1  2  3   3  0   2  0  0  0  0  0/0    23:30   1:32   2:16 
Noah Hanifin             0  0  0   0  0   1  1  4  0  0  0/0    23:28   0:27   2:22 
Pierre Engvall           0  1  1   2  0   1  0  0  0  0  0/1     4:59   0:00   0:00 
Pius Suter               0  0  0   0  0   2  0  0  0  0  12/15  19:14   1:30   2:34 
Rasmus Ristolainen       0  1  1   1  0   0  1  2  0  0  0/0    15:19   0:00   0:00 
Victor Soderstrom        0  0  0   0  0   0  0  0  0  0  0/0     0:00   0:00   0:00 

Players Stats for REGINA FALCONS

Player Name              G  A  P  +/- PIM S  H  SB GA TA FO     MP     PP MP  PK MP  
------------------------------------------------------------------------------------
Aaron Ekblad             0  0  0  -3  2   1  1  1  0  0  0/0    23:28   2:07   0:00 
Alexander Edler          0  0  0  -1  0   0  3  2  0  0  0/0    15:31   0:09   0:00 
Andrei Kuzmenko          1  0  1  -1  0   2  1  0  0  0  2/3    21:27   1:56   0:00 
Cole Smith               0  0  0  -1  0   0  3  0  0  0  1/1    20:11   2:21   0:00 
David Pastrnak           0  0  0  -2  0   2  0  0  0  0  1/1    20:28   1:56   0:00 
Eric Robinson            0  1  1   0  0   1  0  1  0  0  1/1    20:10   2:21   0:00 
Erik Gustafsson          0  0  0   0  2   2  1  1  0  0  0/0    19:49   2:19   0:40 
Greg Meireles            0  0  0  -1  0   0  0  0  0  0  8/15   12:29   0:00   0:28 
Ivan Provorov            0  1  1   1  0   0  3  3  0  0  0/0    20:57   2:19   0:40 
Jeff Malott              0  0  0  -1  0   0  1  0  0  0  0/0     4:41   0:00   0:28 
Jeffrey Viel             0  0  0  -1  0   2  0  0  0  0  1/2    12:10   0:09   0:00 
John Klingberg           0  0  0  -3  0   0  1  2  0  0  0/0    20:04   1:58   1:19 
Marco Scandella          0  0  0  -2  0   1  1  0  0  0  0/0    14:15   0:00   0:00 
Max Jones                0  0  0  -2  0   1  0  0  0  0  1/1    16:23   0:09   0:00 
Pierre-Olivier Joseph    0  0  0   0  0   0  0  1  0  0  0/0     5:54   0:00   1:19 
Rickard Rakell           0  0  0  -2  0   1  0  0  0  0  8/21   21:28   1:56   0:00 
Sammy Walker             0  0  0  -1  0   0  0  0  0  0  3/16    5:53   0:09   1:31 
Simon Ryfors             0  0  0  -1  0   0  0  0  0  0  13/20  20:42   2:21   1:31 

3 Stars

1 - Kevin Fiala (ANA)
2 - Morgan Rielly (ANA)
3 - Carter Verhaeghe (ANA)

Power Play

ANAHEIM OUTLAWS - 0 on 1 Attempt(s) - 0,00%
REGINA FALCONS - 0 on 3 Attempt(s) - 0,00%

Penalty Kill

ANAHEIM OUTLAWS - 3 on 3 Attempt(s) - 100,00% - Score 0 goal in Penalty Kill
REGINA FALCONS - 1 on 1 Attempt(s) - 100,00% - Score 0 goal in Penalty Kill

Team Stat

ANAHEIM OUTLAWS - Hits : 11 - Faceoff Wins : 42 - Blocked Shots : 10 - Penalty Minutes : 8
REGINA FALCONS - Hits : 15 - Faceoff Wins : 39 - Blocked Shots : 11 - Penalty Minutes : 4

Official

Referees : Brad Meier and Dan Kelly
Linesman : Steve Barton and Justin Cornell

Game Notes

Kevin Fiala has scored a Hat Trick!
Chris Driedger enters game at 12:31 of 2nd period

Finance

Level 1 -- Attendance: 4493 (74,88%) -- Ticket Income 1 055 855 $
Level 2 -- Attendance: 3465 (69,30%) -- Ticket Income 623 700 $
Level 3 -- Attendance: 1441 (72,05%) -- Ticket Income 201 740 $
Level 4 -- Attendance: 3220 (80,50%) -- Ticket Income 289 800 $
Luxury Box -- Attendance: 1000 (100,00%) -- Ticket Income 220 000 $
Game was played at the Larouche Arena.
Total Attendance: 13619 (75,66%)
Total Ticket Income: 2 391 095 $
Other Expense: 23 911 $
Total Income: 2 367 184 $

ANAHEIM OUTLAWS

5 vs 5 Forward 
   Center                   Left Wing                Right Wing               Time % Phy DF OF 
 1 Joey Anderson            Jeff Skinner             Kevin Fiala              36     1   2  2  
 2 Adrian Kempe             Michael Bunting          Carter Verhaeghe         31     1   2  2  
 3 Pius Suter               Kent Johnson             Jack Quinn               23     1   2  2  
 4 Kevin Fiala              Pierre Engvall           David Gustafsson         10     1   2  2  

5 vs 5 Defense 
   Defense                  Defense                                           Time % Phy DF OF 
 1 Jacob Trouba             Morgan Rielly                                     36     1   2  2  
 2 Noah Hanifin             Henri Jokiharju                                   31     1   2  2  
 3 Rasmus Ristolainen       Ian Mitchell                                      23     1   2  2  
 4 Noah Hanifin             Morgan Rielly                                     10     1   2  2  

PowerPlay Forward 
   Center                   Left Wing                Right Wing               Time % Phy DF OF 
 1 Pius Suter               Jeff Skinner             Kent Johnson             55     1   2  2  
 2 Joey Anderson            Michael Bunting          Kevin Fiala              45     1   2  2  

PowerPlay Defense
   Defense                  Defense                                           Time % Phy DF OF 
 1 Jacob Trouba             Morgan Rielly                                     55     1   2  2  
 2 Noah Hanifin             Henri Jokiharju                                   45     1   2  2  

Penalty Kill 4 Players Forward 
   Center                   Wing                     Time % Phy DF OF 
 1 Kent Johnson             Pius Suter               55     1   2  2  
 2 Jeff Skinner             Michael Bunting          45     1   2  2  

Penalty Kill 4 Players Defense
   Defense                  Defense                  Time % Phy DF OF 
 1 Jacob Trouba             Morgan Rielly            55     1   2  2  
 2 Noah Hanifin             Henri Jokiharju          45     1   2  2  

Penalty Kill - 3 Players Forward 
   Forward                                           Time % Phy DF OF 
 1 Pius Suter                                        55     1   2  2  
 2 Michael Bunting                                   45     1   2  2  

Penalty Kill - 3 Players Defense
   Defense                  Defense                  Time % Phy DF OF 
 1 Rasmus Ristolainen       Morgan Rielly            55     1   2  2  
 2 Noah Hanifin             Henri Jokiharju          45     1   2  2  

4 vs 4 Forward 
   Center                   Wing                     Time % Phy DF OF 
 1 Kevin Fiala              Pius Suter               55     1   2  2  
 2 Kent Johnson             Michael Bunting          45     1   2  2  

4 vs 4 Defense
   Defense                  Defense                  Time % Phy DF OF 
 1 Jacob Trouba             Morgan Rielly            55     1   2  2  
 2 Noah Hanifin             Henri Jokiharju          45     1   2  2  

Last Minutes Offensive
   Center                   Left Wing                Right Wing               Defense                  Defense                  
   Joey Anderson            Kevin Fiala              Jeff Skinner             Jacob Trouba             Morgan Rielly            

Last Minutes Defensive
   Center                   Left Wing                Right Wing               Defense                  Defense                  
   Joey Anderson            Kevin Fiala              Jeff Skinner             Jacob Trouba             Morgan Rielly            

Goaltenders
Starting : Jacob Markstrom          
Backup : Mackenzie Blackwood      

Extra Forwards
Normal : Pius Suter, Michael Bunting, Kent Johnson - PP : Pius Suter, Kent Johnson - PK : Kent Johnson
Extra Defensemen
Normal : Morgan Rielly, Noah Hanifin, Henri Jokiharju - PP : Morgan Rielly - PK : Noah Hanifin, Morgan Rielly
Penalty Shots
Kent Johnson, Kevin Fiala, Pius Suter, Michael Bunting, Jeff Skinner
Custom OT Lines Forwards
Joey Anderson, Kevin Fiala, Jeff Skinner, Michael Bunting, Adrian Kempe, Carter Verhaeghe, Pius Suter, Pierre Engvall, Kent Johnson, Jack Quinn
Custom OT Lines Defensemen
Rasmus Ristolainen, Morgan Rielly, Noah Hanifin, Henri Jokiharju, Jacob Trouba

Scratches
Evgeny Kuznetsov (Exhaustion), Michael Rasmussen (Broken Left Thumb Injury)

REGINA FALCONS

5 vs 5 Forward 
   Center                   Left Wing                Right Wing               Time % Phy DF OF 
 1 Rickard Rakell           Andrei Kuzmenko          David Pastrnak           36     1   2  2  
 2 Simon Ryfors             Cole Smith               Eric Robinson            31     1   2  2  
 3 Greg Meireles            Jeffrey Viel             Max Jones                23     1   2  2  
 4 Sammy Walker             Jeff Malott              Max Jones                10     1   2  2  

5 vs 5 Defense 
   Defense                  Defense                                           Time % Phy DF OF 
 1 Aaron Ekblad             John Klingberg                                    36     1   2  2  
 2 Ivan Provorov            Erik Gustafsson                                   31     1   2  2  
 3 Alexander Edler          Marco Scandella                                   23     1   2  2  
 4 Pierre-Olivier Joseph    Aaron Ekblad                                      10     1   2  2  

PowerPlay Forward 
   Center                   Left Wing                Right Wing               Time % Phy DF OF 
 1 Rickard Rakell           Andrei Kuzmenko          David Pastrnak           55     1   2  2  
 2 Simon Ryfors             Cole Smith               Eric Robinson            45     1   2  2  

PowerPlay Defense
   Defense                  Defense                                           Time % Phy DF OF 
 1 Aaron Ekblad             John Klingberg                                    55     1   2  2  
 2 Ivan Provorov            Erik Gustafsson                                   45     1   2  2  

Penalty Kill 4 Players Forward 
   Center                   Wing                     Time % Phy DF OF 
 1 Sammy Walker             Simon Ryfors             55     1   2  2  
 2 Greg Meireles            Jeff Malott              45     1   2  2  

Penalty Kill 4 Players Defense
   Defense                  Defense                  Time % Phy DF OF 
 1 Aaron Ekblad             John Klingberg           55     1   2  2  
 2 Ivan Provorov            Erik Gustafsson          45     1   2  2  

Penalty Kill - 3 Players Forward 
   Forward                                           Time % Phy DF OF 
 1 Greg Meireles                                     55     1   2  2  
 2 Cole Smith                                        45     1   2  2  

Penalty Kill - 3 Players Defense
   Defense                  Defense                  Time % Phy DF OF 
 1 Aaron Ekblad             John Klingberg           55     1   2  2  
 2 Ivan Provorov            Erik Gustafsson          45     1   2  2  

4 vs 4 Forward 
   Center                   Wing                     Time % Phy DF OF 
 1 Rickard Rakell           Cole Smith               55     1   2  2  
 2 Andrei Kuzmenko          Eric Robinson            45     1   2  2  

4 vs 4 Defense
   Defense                  Defense                  Time % Phy DF OF 
 1 Aaron Ekblad             John Klingberg           55     1   2  2  
 2 Ivan Provorov            Erik Gustafsson          45     1   2  2  

Last Minutes Offensive
   Center                   Left Wing                Right Wing               Defense                  Defense                  
   Rickard Rakell           Andrei Kuzmenko          David Pastrnak           Aaron Ekblad             John Klingberg           

Last Minutes Defensive
   Center                   Left Wing                Right Wing               Defense                  Defense                  
   Rickard Rakell           Andrei Kuzmenko          David Pastrnak           Aaron Ekblad             John Klingberg           

Goaltenders
Starting : Cale Morris              
Backup : Chris Driedger           

Extra Forwards
Normal : Cole Smith, Max Jones, Jeff Malott - PP : Cole Smith, Max Jones - PK : Jeff Malott
Extra Defensemen
Normal : Alexander Edler, Aaron Ekblad, Pierre-Olivier Joseph - PP : Alexander Edler - PK : Aaron Ekblad, Pierre-Olivier Joseph
Penalty Shots
David Pastrnak, Rickard Rakell, Andrei Kuzmenko, Cole Smith, Eric Robinson
Custom OT Lines Forwards
David Pastrnak, Rickard Rakell, Andrei Kuzmenko, Sammy Walker, Eric Robinson, Cole Smith, Max Jones, Simon Ryfors, Jeff Malott, Greg Meireles
Custom OT Lines Defensemen
Aaron Ekblad, John Klingberg, Ivan Provorov, Erik Gustafsson, Alexander Edler

Scratches
Jacob Peterson (Right Foot Injury), Matthew Grzelcyk (Right Foot Injury), Anton Khudobin (Left Hand Injury)

% Time on Ice - ANAHEIM OUTLAWS

Lines # - Real PCT - Wanted PCT - Time Play
Normal Forward
1 - 30% - 36% - 15:24
2 - 33% - 31% - 17:11
3 - 27% - 23% - 14:02
4 - 10% - 10% - 4:59
Normal Defense
1 - 32% - 36% - 16:38
2 - 34% - 31% - 17:34
3 - 30% - 23% - 15:19
4 - 4% - 10% - 2:05
PP Forward
1 - 76% - 55% - 1:30
2 - 24% - 45% - 0:29
PP Defense
1 - 77% - 55% - 1:32
2 - 23% - 45% - 0:27
PK Forward
1 - 59% - 55% - 2:36
2 - 41% - 45% - 1:50
PK Defense
1 - 47% - 55% - 2:04
2 - 53% - 45% - 2:22
PK3 Forward
1 - 0% - 55%
2 - 0% - 45%
PK3 Defense
1 - 0% - 55%
2 - 0% - 45%
44 Forward
1 - 57% - 55% - 1:08
2 - 43% - 45% - 0:51
44 Defense
1 - 50% - 55% - 0:59
2 - 50% - 45% - 1:00
Last Minute Offensive  - 0:00
Last Minute Defensive  - 0:00
Total
Forward - 60:00
Defense - 60:00

% Time on Ice - REGINA FALCONS

Lines # - Real PCT - Wanted PCT - Time Play
Normal Forward
1 - 36% - 36% - 18:32
2 - 33% - 31% - 16:50
3 - 23% - 23% - 12:01
4 - 8% - 10% - 4:13
Normal Defense
1 - 31% - 36% - 15:55
2 - 33% - 31% - 16:51
3 - 28% - 23% - 14:15
4 - 9% - 10% - 4:35
PP Forward
1 - 47% - 55% - 2:05
2 - 53% - 45% - 2:21
PP Defense
1 - 48% - 55% - 2:07
2 - 52% - 45% - 2:19
PK Forward
1 - 76% - 55% - 1:31
2 - 24% - 45% - 0:28
PK Defense
1 - 66% - 55% - 1:19
2 - 34% - 45% - 0:40
PK3 Forward
1 - 0% - 55%
2 - 0% - 45%
PK3 Defense
1 - 0% - 55%
2 - 0% - 45%
44 Forward
1 - 50% - 55% - 1:00
2 - 50% - 45% - 0:59
44 Defense
1 - 44% - 55% - 0:52
2 - 56% - 45% - 1:07
Last Minute Offensive  - 0:00
Last Minute Defensive  - 0:00
Total
Forward - 60:00
Defense - 60:00

Play-by-Play

1st period


0:01 of 1st period - Rickard Rakell wins face-off versus Joey Anderson in neutral zone.
0:13 of 1st period - Rickard Rakell is hit by Jacob Trouba and loses puck.
0:22 of 1st period - Shot by Kevin Fiala.
0:22 of 1st period - Goal by Kevin Fiala - ANAHEIM OUTLAWS : 1 - REGINA FALCONS : 0.
0:23 of 1st period - Simon Ryfors wins face-off versus Adrian Kempe in neutral zone.
0:52 of 1st period - Shot by Carter Verhaeghe.
0:52 of 1st period - Shot Misses the Net.
0:54 of 1st period - Shot by Noah Hanifin.
0:54 of 1st period - Shot Blocked by Eric Robinson.
1:00 of 1st period - Shot by Adrian Kempe.
1:00 of 1st period - Shot Misses the Net.
1:27 of 1st period - Off-side.
1:28 of 1st period - Kevin Fiala wins face-off versus Greg Meireles in neutral zone.
2:04 of 1st period - Shot by Pierre Engvall.
2:04 of 1st period - Shot Misses the Net.
2:06 of 1st period - Shot by Kevin Fiala.
2:06 of 1st period - Deflect By Pierre Engvall.
2:06 of 1st period - Shot Misses the Net.
2:08 of 1st period - Shot by Morgan Rielly.
2:08 of 1st period - Goal by Morgan Rielly - ANAHEIM OUTLAWS : 2 - REGINA FALCONS : 0.
2:09 of 1st period - Pius Suter wins face-off versus Rickard Rakell in neutral zone.
3:52 of 1st period - Icing by Noah Hanifin.
3:53 of 1st period - Joey Anderson wins face-off versus Sammy Walker in ANAHEIM OUTLAWS zone.
3:53 of 1st period - Joey Anderson is hit by Jeff Malott.
4:01 of 1st period - Shot by Max Jones.
4:01 of 1st period - Shot Blocked by Noah Hanifin.
4:03 of 1st period - Shot by Marco Scandella.
4:03 of 1st period - Shot Blocked by Noah Hanifin.
4:05 of 1st period - Shot by Marco Scandella.
4:05 of 1st period - Stopped by Jacob Markstrom without a rebound.
4:06 of 1st period - Rickard Rakell wins face-off versus Adrian Kempe in ANAHEIM OUTLAWS zone.
4:09 of 1st period - Shot by David Pastrnak.
4:09 of 1st period - Shot Misses the Net.
4:11 of 1st period - Shot by Aaron Ekblad.
4:11 of 1st period - Shot Blocked by Adrian Kempe.
4:13 of 1st period - Shot by David Pastrnak.
4:13 of 1st period - Shot Misses the Net.
4:15 of 1st period - Shot by Rickard Rakell.
4:15 of 1st period - Shot Misses the Net.
4:35 of 1st period - Shot by David Pastrnak.
4:35 of 1st period - Stopped by Jacob Markstrom without a rebound.
4:36 of 1st period - Greg Meireles wins face-off versus Joey Anderson in ANAHEIM OUTLAWS zone.
4:46 of 1st period - Icing by Jacob Trouba.
4:47 of 1st period - Max Jones wins face-off versus Joey Anderson in ANAHEIM OUTLAWS zone.
4:53 of 1st period - Icing by Kevin Fiala.
4:54 of 1st period - Rickard Rakell wins face-off versus Joey Anderson in ANAHEIM OUTLAWS zone.
5:08 of 1st period - Shot by Kevin Fiala.
5:08 of 1st period - Stopped by Cale Morris with a rebound.
5:16 of 1st period - Shot by Jeff Skinner.
5:16 of 1st period - Stopped by Cale Morris without a rebound.
5:17 of 1st period - Greg Meireles wins face-off versus Adrian Kempe in REGINA FALCONS zone.
5:22 of 1st period - Shot by Adrian Kempe.
5:22 of 1st period - Shot Misses the Net.
5:24 of 1st period - Shot by Carter Verhaeghe.
5:24 of 1st period - Shot Misses the Net.
5:54 of 1st period - Shot by Adrian Kempe.
5:54 of 1st period - Deflect By Carter Verhaeghe.
5:54 of 1st period - Shot Blocked by Alexander Edler.
6:25 of 1st period - Shot by Jeff Skinner.
6:25 of 1st period - Stopped by Cale Morris without a rebound.
6:26 of 1st period - Pius Suter wins face-off versus Rickard Rakell in REGINA FALCONS zone.
7:16 of 1st period - Minor Penalty to Jack Quinn for Holding Stick.
7:17 of 1st period - Jeff Skinner wins face-off versus Simon Ryfors in ANAHEIM OUTLAWS zone.
7:17 of 1st period - Jeff Skinner is hit by Cole Smith.
7:47 of 1st period - Shot by Ivan Provorov.
7:47 of 1st period - Shot Misses the Net.
7:51 of 1st period - Shot by Erik Gustafsson.
7:51 of 1st period - Stopped by Jacob Markstrom with a rebound.
7:53 of 1st period - Shot by Erik Gustafsson.
7:53 of 1st period - Stopped by Jacob Markstrom without a rebound.
7:54 of 1st period - Kent Johnson wins face-off versus Rickard Rakell in ANAHEIM OUTLAWS zone.
9:01 of 1st period - Off-side.
9:02 of 1st period - Jeff Skinner wins face-off versus Rickard Rakell in neutral zone.
9:16 of 1st period - Icing by David Pastrnak.
9:17 of 1st period - Kevin Fiala wins face-off versus Sammy Walker in REGINA FALCONS zone.
9:34 of 1st period - Shot by David Gustafsson.
9:34 of 1st period - Shot Misses the Net.
9:36 of 1st period - Shot by Pierre Engvall.
9:36 of 1st period - Stopped by Cale Morris without a rebound.
9:37 of 1st period - Adrian Kempe wins face-off versus Simon Ryfors in REGINA FALCONS zone.
9:38 of 1st period - Shot by Carter Verhaeghe.
9:38 of 1st period - Stopped by Cale Morris without a rebound.
9:39 of 1st period - Simon Ryfors wins face-off versus Joey Anderson in REGINA FALCONS zone.
9:39 of 1st period - Simon Ryfors is hit by Jeff Skinner.
10:11 of 1st period - Shot by Joey Anderson.
10:11 of 1st period - Shot Misses the Net.
10:13 of 1st period - Shot by Jeff Skinner.
10:13 of 1st period - Stopped by Cale Morris without a rebound.
10:14 of 1st period - Rickard Rakell wins face-off versus Michael Bunting in REGINA FALCONS zone.
10:38 of 1st period - Shot by David Pastrnak.
10:38 of 1st period - Shot Misses the Net.
10:40 of 1st period - Shot by David Pastrnak.
10:40 of 1st period - Shot Blocked by Noah Hanifin.
11:07 of 1st period - Icing by Henri Jokiharju.
11:08 of 1st period - Adrian Kempe wins face-off versus Simon Ryfors in ANAHEIM OUTLAWS zone.
11:31 of 1st period - Icing by Jacob Trouba.
11:32 of 1st period - Greg Meireles wins face-off versus Joey Anderson in ANAHEIM OUTLAWS zone.
13:31 of 1st period - Shot by Carter Verhaeghe.
13:31 of 1st period - Stopped by Cale Morris without a rebound.
13:32 of 1st period - Andrei Kuzmenko wins face-off versus Pierre Engvall in REGINA FALCONS zone.
13:41 of 1st period - Shot by Aaron Ekblad.
13:41 of 1st period - Shot Blocked by Jacob Trouba.
13:59 of 1st period - Shot by Kevin Fiala.
13:59 of 1st period - Goal by Kevin Fiala - ANAHEIM OUTLAWS : 3 - REGINA FALCONS : 0.
14:00 of 1st period - Sammy Walker wins face-off versus Adrian Kempe in neutral zone.
14:05 of 1st period - Shot by Max Jones.
14:05 of 1st period - Stopped by Jacob Markstrom without a rebound.
14:06 of 1st period - Adrian Kempe wins face-off versus Rickard Rakell in ANAHEIM OUTLAWS zone.
14:21 of 1st period - Shot by Adrian Kempe.
14:21 of 1st period - Stopped by Cale Morris with a rebound.
14:23 of 1st period - Shot by Adrian Kempe.
14:23 of 1st period - Stopped by Cale Morris without a rebound.
14:24 of 1st period - Simon Ryfors wins face-off versus Joey Anderson in REGINA FALCONS zone.
14:34 of 1st period - Icing by Kevin Fiala.
14:35 of 1st period - Joey Anderson wins face-off versus Rickard Rakell in ANAHEIM OUTLAWS zone.
14:44 of 1st period - Shot by Jeff Skinner.
14:44 of 1st period - Stopped by Cale Morris without a rebound.
14:45 of 1st period - Adrian Kempe wins face-off versus Sammy Walker in REGINA FALCONS zone.
14:56 of 1st period - Shot by Michael Bunting.
14:56 of 1st period - Stopped by Cale Morris without a rebound.
14:57 of 1st period - Simon Ryfors wins face-off versus Joey Anderson in REGINA FALCONS zone.
14:57 of 1st period - Simon Ryfors is hit by Jeff Skinner.
15:20 of 1st period - Icing by Erik Gustafsson.
15:21 of 1st period - Adrian Kempe wins face-off versus Simon Ryfors in REGINA FALCONS zone.
15:58 of 1st period - Shot by Carter Verhaeghe.
15:58 of 1st period - Shot Blocked by Erik Gustafsson.
17:10 of 1st period - Shot by Pius Suter.
17:10 of 1st period - Stopped by Cale Morris without a rebound.
17:11 of 1st period - Pius Suter wins face-off versus Greg Meireles in REGINA FALCONS zone.
17:48 of 1st period - Shot by Jack Quinn.
17:48 of 1st period - Shot Misses the Net.
18:14 of 1st period - Shot by Rickard Rakell.
18:14 of 1st period - Shot Blocked by Noah Hanifin.
18:16 of 1st period - Shot by David Pastrnak.
18:16 of 1st period - Shot Blocked by Adrian Kempe.
18:32 of 1st period - Shot by Carter Verhaeghe.
18:32 of 1st period - Deflect By Adrian Kempe.
18:32 of 1st period - Stopped by Cale Morris without a rebound.
18:33 of 1st period - Joey Anderson wins face-off versus Sammy Walker in REGINA FALCONS zone.
18:33 of 1st period - Jeff Skinner is hit by Erik Gustafsson and loses puck.
18:43 of 1st period - Jeff Skinner is hit by Ivan Provorov and loses puck.
19:05 of 1st period - Shot by Jeff Skinner.
19:05 of 1st period - Stopped by Cale Morris with a rebound.
19:07 of 1st period - Shot by Morgan Rielly.
19:07 of 1st period - Stopped by Cale Morris with a rebound.
19:09 of 1st period - Shot by Kevin Fiala.
19:09 of 1st period - Stopped by Cale Morris without a rebound.
19:10 of 1st period - Adrian Kempe wins face-off versus Simon Ryfors in REGINA FALCONS zone.
19:28 of 1st period - Carter Verhaeghe is hit by John Klingberg and loses puck.
19:43 of 1st period - Shot by Adrian Kempe.
19:43 of 1st period - Shot Misses the Net.
19:52 of 1st period - Carter Verhaeghe is hit by Aaron Ekblad.
Goals for this period are 3 for ANAHEIM OUTLAWS vs 0 for REGINA FALCONS.
Shots for this period are 19 for ANAHEIM OUTLAWS vs 5 for REGINA FALCONS.

2nd period


0:01 of 2nd period - Joey Anderson wins face-off versus Rickard Rakell in neutral zone.
0:43 of 2nd period - Shot by Jeff Skinner.
0:43 of 2nd period - Stopped by Cale Morris without a rebound.
0:44 of 2nd period - Michael Bunting wins face-off versus Greg Meireles in REGINA FALCONS zone.
0:44 of 2nd period - Michael Bunting is hit by Ivan Provorov.
0:57 of 2nd period - Minor Penalty to Erik Gustafsson for Holding.
0:57 of 2nd period - Minor Penalty to Michael Bunting for Roughing.
0:58 of 2nd period - Cole Smith wins face-off versus Kevin Fiala in REGINA FALCONS zone.
1:05 of 2nd period - Shot by Kevin Fiala.
1:05 of 2nd period - Stopped by Cale Morris without a rebound.
1:06 of 2nd period - Kevin Fiala wins face-off versus Rickard Rakell in REGINA FALCONS zone.
2:21 of 2nd period - Shot by Andrei Kuzmenko.
2:21 of 2nd period - Goal by Andrei Kuzmenko - ANAHEIM OUTLAWS : 3 - REGINA FALCONS : 1.
2:22 of 2nd period - Andrei Kuzmenko wins face-off versus Kent Johnson in neutral zone.
2:50 of 2nd period - Shot by Adrian Kempe.
2:50 of 2nd period - Shot Misses the Net.
3:53 of 2nd period - Shot by Michael Bunting.
3:53 of 2nd period - Shot Misses the Net.
3:59 of 2nd period - Shot by Adrian Kempe.
3:59 of 2nd period - Shot Misses the Net.
4:53 of 2nd period - Shot by Jacob Trouba.
4:53 of 2nd period - Stopped by Cale Morris without a rebound.
4:54 of 2nd period - Simon Ryfors wins face-off versus Kevin Fiala in REGINA FALCONS zone.
4:59 of 2nd period - Shot by Kevin Fiala.
4:59 of 2nd period - Stopped by Cale Morris without a rebound.
5:00 of 2nd period - Simon Ryfors wins face-off versus Joey Anderson in REGINA FALCONS zone.
5:00 of 2nd period - Simon Ryfors is hit by Joey Anderson.
5:15 of 2nd period - Eric Robinson is hit by Rasmus Ristolainen and loses puck.
5:38 of 2nd period - Shot by Kevin Fiala.
5:38 of 2nd period - Stopped by Cale Morris without a rebound.
5:39 of 2nd period - Pius Suter wins face-off versus Rickard Rakell in REGINA FALCONS zone.
7:55 of 2nd period - Shot by Kevin Fiala.
7:55 of 2nd period - Shot Misses the Net.
8:04 of 2nd period - Kevin Fiala is hit by Alexander Edler and loses puck.
8:12 of 2nd period - Icing by Marco Scandella.
8:13 of 2nd period - Pius Suter wins face-off versus Sammy Walker in REGINA FALCONS zone.
8:17 of 2nd period - Kent Johnson is hit by Alexander Edler and loses puck.
8:23 of 2nd period - Icing by Alexander Edler.
8:24 of 2nd period - Pius Suter wins face-off versus Sammy Walker in REGINA FALCONS zone.
8:24 of 2nd period - Kent Johnson is hit by Alexander Edler and loses puck.
8:45 of 2nd period - Shot by Kent Johnson.
8:45 of 2nd period - Stopped by Cale Morris without a rebound.
8:46 of 2nd period - Rickard Rakell wins face-off versus Kevin Fiala in REGINA FALCONS zone.
9:44 of 2nd period - Ivan Provorov is hit by Michael Bunting and loses puck.
9:55 of 2nd period - Shot by Adrian Kempe.
9:55 of 2nd period - Shot Blocked by Ivan Provorov.
9:57 of 2nd period - Shot by Jacob Trouba.
9:57 of 2nd period - Shot Blocked by Ivan Provorov.
10:10 of 2nd period - Minor Penalty to Adrian Kempe for Roughing.
10:11 of 2nd period - Eric Robinson wins face-off versus Kent Johnson in ANAHEIM OUTLAWS zone.
10:32 of 2nd period - Shot by Aaron Ekblad.
10:32 of 2nd period - Shot Misses the Net.
10:53 of 2nd period - Shot by Eric Robinson.
10:53 of 2nd period - Stopped by Jacob Markstrom without a rebound.
10:54 of 2nd period - Simon Ryfors wins face-off versus Kent Johnson in ANAHEIM OUTLAWS zone.
12:13 of 2nd period - Icing by Kevin Fiala.
12:14 of 2nd period - Kevin Fiala wins face-off versus Sammy Walker in ANAHEIM OUTLAWS zone.
12:20 of 2nd period - Icing by Alexander Edler.
12:21 of 2nd period - Sammy Walker wins face-off versus Joey Anderson in REGINA FALCONS zone.
12:21 of 2nd period - Sammy Walker is hit by Kevin Fiala.
12:31 of 2nd period - Shot by Kevin Fiala.
12:31 of 2nd period - Goal by Kevin Fiala - ANAHEIM OUTLAWS : 4 - REGINA FALCONS : 1.
12:31 of 2nd period - Chris Driedger enters game.
12:32 of 2nd period - Greg Meireles wins face-off versus Adrian Kempe in neutral zone.
12:43 of 2nd period - Shot by Max Jones.
12:43 of 2nd period - Shot Blocked by Jacob Trouba.
12:45 of 2nd period - Shot by Marco Scandella.
12:45 of 2nd period - Deflect By Jeffrey Viel.
12:45 of 2nd period - Stopped by Jacob Markstrom without a rebound.
12:46 of 2nd period - Kevin Fiala wins face-off versus Rickard Rakell in ANAHEIM OUTLAWS zone.
14:23 of 2nd period - Shot by Adrian Kempe.
14:23 of 2nd period - Stopped by Chris Driedger without a rebound.
14:24 of 2nd period - Greg Meireles wins face-off versus Pius Suter in REGINA FALCONS zone.
15:00 of 2nd period - Shot by Pius Suter.
15:00 of 2nd period - Shot Misses the Net.
16:17 of 2nd period - Shot by Eric Robinson.
16:17 of 2nd period - Shot Hit the Post.
16:50 of 2nd period - Shot by Eric Robinson.
16:50 of 2nd period - Shot Misses the Net.
16:52 of 2nd period - Shot by Eric Robinson.
16:52 of 2nd period - Shot Blocked by Rasmus Ristolainen.
17:09 of 2nd period - Icing by Aaron Ekblad.
17:10 of 2nd period - Sammy Walker wins face-off versus Joey Anderson in REGINA FALCONS zone.
17:24 of 2nd period - Icing by Jacob Trouba.
17:25 of 2nd period - Rickard Rakell wins face-off versus Joey Anderson in ANAHEIM OUTLAWS zone.
17:45 of 2nd period - Shot by Kevin Fiala.
17:45 of 2nd period - Shot Misses the Net.
18:19 of 2nd period - Off-side.
18:20 of 2nd period - Simon Ryfors wins face-off versus Adrian Kempe in neutral zone.
18:25 of 2nd period - Noah Hanifin is hit by Cole Smith and loses puck.
18:32 of 2nd period - Shot by Carter Verhaeghe.
18:32 of 2nd period - Shot Blocked by John Klingberg.
18:34 of 2nd period - Shot by Michael Bunting.
18:34 of 2nd period - Stopped by Chris Driedger without a rebound.
18:35 of 2nd period - Kevin Fiala wins face-off versus Greg Meireles in REGINA FALCONS zone.
19:36 of 2nd period - Shot by Adrian Kempe.
19:36 of 2nd period - Deflect By Michael Bunting.
19:36 of 2nd period - Shot Misses the Net.
19:38 of 2nd period - Shot by Carter Verhaeghe.
19:38 of 2nd period - Goal by Carter Verhaeghe - ANAHEIM OUTLAWS : 5 - REGINA FALCONS : 1.
19:39 of 2nd period - Rickard Rakell wins face-off versus Joey Anderson in neutral zone.
19:52 of 2nd period - Shot by David Pastrnak.
19:52 of 2nd period - Deflect By Andrei Kuzmenko.
19:52 of 2nd period - Stopped by Jacob Markstrom without a rebound.
19:53 of 2nd period - Simon Ryfors wins face-off versus Adrian Kempe in ANAHEIM OUTLAWS zone.
Goals for this period are 2 for ANAHEIM OUTLAWS vs 1 for REGINA FALCONS.
Shots for this period are 10 for ANAHEIM OUTLAWS vs 4 for REGINA FALCONS.

3rd period


0:01 of 3rd period - Simon Ryfors wins face-off versus Joey Anderson in neutral zone.
0:11 of 3rd period - Minor Penalty to Aaron Ekblad for High sticking.
0:12 of 3rd period - Pius Suter wins face-off versus Sammy Walker in REGINA FALCONS zone.
0:47 of 3rd period - Off-side.
0:48 of 3rd period - Greg Meireles wins face-off versus Joey Anderson in neutral zone.
1:04 of 3rd period - Shot by Henri Jokiharju.
1:04 of 3rd period - Stopped by Chris Driedger without a rebound.
1:05 of 3rd period - Joey Anderson wins face-off versus Greg Meireles in REGINA FALCONS zone.
1:10 of 3rd period - Shot by Kevin Fiala.
1:10 of 3rd period - Stopped by Chris Driedger without a rebound.
1:11 of 3rd period - Pius Suter wins face-off versus Sammy Walker in REGINA FALCONS zone.
1:16 of 3rd period - Shot by Jeff Skinner.
1:16 of 3rd period - Shot Misses the Net.
1:18 of 3rd period - Shot by Pius Suter.
1:18 of 3rd period - Shot Misses the Net.
1:31 of 3rd period - Off-side.
1:32 of 3rd period - Joey Anderson wins face-off versus Sammy Walker in neutral zone.
1:35 of 3rd period - Shot by Noah Hanifin.
1:35 of 3rd period - Stopped by Chris Driedger without a rebound.
1:36 of 3rd period - Joey Anderson wins face-off versus Sammy Walker in REGINA FALCONS zone.
1:37 of 3rd period - Shot by Kevin Fiala.
1:37 of 3rd period - Stopped by Chris Driedger without a rebound.
1:38 of 3rd period - Pius Suter wins face-off versus Sammy Walker in REGINA FALCONS zone.
2:05 of 3rd period - Shot by Morgan Rielly.
2:05 of 3rd period - Shot Blocked by Pierre-Olivier Joseph.
2:07 of 3rd period - Shot by Pius Suter.
2:07 of 3rd period - Shot Blocked by John Klingberg.
2:09 of 3rd period - Shot by Pius Suter.
2:09 of 3rd period - Shot Misses the Net.
2:13 of 3rd period - Shot by Adrian Kempe.
2:13 of 3rd period - Stopped by Chris Driedger without a rebound.
2:14 of 3rd period - David Pastrnak wins face-off versus Adrian Kempe in REGINA FALCONS zone.
2:25 of 3rd period - Shot by Andrei Kuzmenko.
2:25 of 3rd period - Shot Misses the Net.
3:11 of 3rd period - Icing by Henri Jokiharju.
3:12 of 3rd period - Adrian Kempe wins face-off versus Simon Ryfors in ANAHEIM OUTLAWS zone.
3:35 of 3rd period - Shot by Kevin Fiala.
3:35 of 3rd period - Stopped by Chris Driedger without a rebound.
3:36 of 3rd period - Greg Meireles wins face-off versus Pius Suter in REGINA FALCONS zone.
3:36 of 3rd period - Greg Meireles is hit by Jack Quinn.
3:43 of 3rd period - Icing by Marco Scandella.
3:44 of 3rd period - Joey Anderson wins face-off versus Jeffrey Viel in REGINA FALCONS zone.
4:07 of 3rd period - Shot by Kevin Fiala.
4:07 of 3rd period - Stopped by Chris Driedger without a rebound.
4:08 of 3rd period - Simon Ryfors wins face-off versus Pius Suter in REGINA FALCONS zone.
4:37 of 3rd period - Shot by Eric Robinson.
4:37 of 3rd period - Shot Blocked by Rasmus Ristolainen.
4:45 of 3rd period - Shot by Pius Suter.
4:45 of 3rd period - Stopped by Chris Driedger without a rebound.
4:46 of 3rd period - Joey Anderson wins face-off versus Andrei Kuzmenko in REGINA FALCONS zone.
5:15 of 3rd period - Shot by Kevin Fiala.
5:15 of 3rd period - Shot Misses the Net.
5:17 of 3rd period - Shot by Kevin Fiala.
5:17 of 3rd period - Shot Misses the Net.
5:19 of 3rd period - Shot by Joey Anderson.
5:19 of 3rd period - Stopped by Chris Driedger without a rebound.
5:20 of 3rd period - Greg Meireles wins face-off versus Adrian Kempe in REGINA FALCONS zone.
5:39 of 3rd period - Shot by Carter Verhaeghe.
5:39 of 3rd period - Shot Misses the Net.
6:03 of 3rd period - Shot by Adrian Kempe.
6:03 of 3rd period - Shot Misses the Net.
6:18 of 3rd period - Icing by Henri Jokiharju.
6:19 of 3rd period - Simon Ryfors wins face-off versus Adrian Kempe in ANAHEIM OUTLAWS zone.
7:03 of 3rd period - Off-side.
7:04 of 3rd period - Joey Anderson wins face-off versus Rickard Rakell in neutral zone.
7:17 of 3rd period - Shot by Kevin Fiala.
7:17 of 3rd period - Shot Misses the Net.
7:31 of 3rd period - Shot by David Pastrnak.
7:31 of 3rd period - Stopped by Jacob Markstrom without a rebound.
7:32 of 3rd period - Pius Suter wins face-off versus Greg Meireles in ANAHEIM OUTLAWS zone.
8:09 of 3rd period - Shot by Jack Quinn.
8:09 of 3rd period - Shot Misses the Net.
8:39 of 3rd period - Shot by Andrei Kuzmenko.
8:39 of 3rd period - Shot Hit the Post.
8:41 of 3rd period - Shot by Andrei Kuzmenko.
8:41 of 3rd period - Shot Misses the Net.
8:43 of 3rd period - Shot by Rickard Rakell.
8:43 of 3rd period - Stopped by Jacob Markstrom without a rebound.
8:44 of 3rd period - Simon Ryfors wins face-off versus Joey Anderson in ANAHEIM OUTLAWS zone.
9:30 of 3rd period - Icing by Morgan Rielly.
9:31 of 3rd period - Joey Anderson wins face-off versus Rickard Rakell in ANAHEIM OUTLAWS zone.
9:48 of 3rd period - Shot by Carter Verhaeghe.
9:48 of 3rd period - Shot Blocked by Aaron Ekblad.
10:27 of 3rd period - Andrei Kuzmenko is hit by Carter Verhaeghe and loses puck.
10:40 of 3rd period - Icing by Adrian Kempe.
10:41 of 3rd period - Adrian Kempe wins face-off versus Simon Ryfors in ANAHEIM OUTLAWS zone.
10:43 of 3rd period - Noah Hanifin is hit by Cole Smith and loses puck.
11:29 of 3rd period - Pius Suter is hit by Ivan Provorov and loses puck.
12:24 of 3rd period - Shot by Jeffrey Viel.
12:24 of 3rd period - Stopped by Jacob Markstrom with a rebound.
12:28 of 3rd period - Shot by Max Jones.
12:28 of 3rd period - Shot Misses the Net.
13:24 of 3rd period - Shot by Adrian Kempe.
13:24 of 3rd period - Stopped by Chris Driedger without a rebound.
13:25 of 3rd period - Pius Suter wins face-off versus Sammy Walker in REGINA FALCONS zone.
13:26 of 3rd period - Shot by Jack Quinn.
13:26 of 3rd period - Deflect By Pius Suter.
13:26 of 3rd period - Shot Misses the Net.
14:36 of 3rd period - Jeff Skinner is hit by Marco Scandella and loses puck.
15:55 of 3rd period - Off-side.
15:56 of 3rd period - Pius Suter wins face-off versus Greg Meireles in neutral zone.
16:29 of 3rd period - Shot by Pius Suter.
16:29 of 3rd period - Shot Blocked by Ivan Provorov.
16:59 of 3rd period - Shot by Kevin Fiala.
16:59 of 3rd period - Shot Misses the Net.
17:01 of 3rd period - Shot by Kevin Fiala.
17:01 of 3rd period - Stopped by Chris Driedger without a rebound.
17:02 of 3rd period - Rickard Rakell wins face-off versus Adrian Kempe in REGINA FALCONS zone.
17:12 of 3rd period - David Pastrnak is hit by Henri Jokiharju and loses puck.
17:16 of 3rd period - Andrei Kuzmenko is hit by Noah Hanifin and loses puck.
18:13 of 3rd period - Shot by Kevin Fiala.
18:13 of 3rd period - Shot Misses the Net.
18:29 of 3rd period - Shot by Jeff Skinner.
18:29 of 3rd period - Shot Blocked by Alexander Edler.
18:31 of 3rd period - Shot by Joey Anderson.
18:31 of 3rd period - Shot Misses the Net.
19:10 of 3rd period - Shot by Jack Quinn.
19:10 of 3rd period - Shot Misses the Net.
19:12 of 3rd period - Shot by Ian Mitchell.
19:12 of 3rd period - Shot Misses the Net.
19:14 of 3rd period - Shot by Ian Mitchell.
19:14 of 3rd period - Stopped by Chris Driedger without a rebound.
19:15 of 3rd period - Jeffrey Viel wins face-off versus Adrian Kempe in REGINA FALCONS zone.
19:21 of 3rd period - Shot by Aaron Ekblad.
19:21 of 3rd period - Shot Misses the Net.
19:23 of 3rd period - Shot by Max Jones.
19:23 of 3rd period - Shot Misses the Net.
19:29 of 3rd period - Shot by Max Jones.
19:29 of 3rd period - Shot Misses the Net.
19:31 of 3rd period - Shot by Aaron Ekblad.
19:31 of 3rd period - Stopped by Jacob Markstrom without a rebound.
19:31 of 3rd period - Minor Penalty to Henri Jokiharju for Diving.
19:32 of 3rd period - Kent Johnson wins face-off versus Rickard Rakell in ANAHEIM OUTLAWS zone.
19:41 of 3rd period - Morgan Rielly is hit by Andrei Kuzmenko.
Goals for this period are 0 for ANAHEIM OUTLAWS vs 0 for REGINA FALCONS.
Shots for this period are 12 for ANAHEIM OUTLAWS vs 4 for REGINA FALCONS.


BRAD
MARCHAND
ANZE
KOPITAR
JAMIE
BENN

EAST COAST

HOCKEY LEAGUE

  • 69.QUE5CHW3
  • 70.CHA3TRV4
  • 71.PITRHI
  • 72.ATLWOR